 Dungeon Crawl Stone Soup version 0.24.0-123-gd5b16e6ec5 (webtiles) character file.

Game seed: 12317395606700479945, levelgen mode: deterministic

767 vurker the Gusty (level 7, 0/45 HPs)
             Began as an Octopode Air Elementalist on Dec 18, 2019.
             Slain by Crazy Yiuf
             ... wielding a +2 quarterstaff of chaos
              (10 damage)
             ... while paralysed by Crazy Yiuf
             ... on level 4 of the Dungeon.
             The game lasted 00:08:09 (4907 turns).

vurker the Gusty (Octopode Air Elementalist)        Turns: 4907, Time: 00:08:10

Health: 0/45       AC:  3    Str:  7    XL:     7   Next: 82%
Magic:  8/13       EV:  2    Int: 20    God:
Gold:   253        SH:  0    Dex: 12    Spells: 4/14 levels left

rFire    . . .     SeeInvis .   g - +2 dagger (speed)
rCold    . . .     Gourm    .   (no shield)
rNeg     . . .     Faith    .   j - +2 hat
rPois    .         Spirit   .   (no amulet)
rElec    .         Reflect  .   (no ring)
rCorr    .         Harm     .   (no ring)
MR       .....                  (no ring)
Stlth    +++.......             (no ring)
HPRegen  0.15/turn              (no ring)
MPRegen  0.13/turn              (no ring)
                                (no ring)
                                (no ring)

@: paralysed, very slightly contaminated, lightly drained
A: almost no armour, stealthy swim, amphibious, 8 rings, constrict 8, camouflage
1, gelatinous body 1
a: no special abilities


You were on level 4 of the Dungeon.
You were near starving.

You visited 1 branch of the dungeon, and saw 4 of its levels.

You collected 253 gold pieces.

Inventory:

Hand Weapons
 g - a +2 dagger of speed (weapon)
   (You took it off a goblin on level 2 of the Dungeon)
Armour
 j - a +2 hat (worn)
   (You found it on level 4 of the Dungeon)
Scrolls
 c - a scroll of fear {unknown}
 d - 2 scrolls of magic mapping {unknown}
 f - 3 scrolls of teleportation {unknown}
 h - 4 scrolls of remove curse {unknown}
 i - 3 scrolls of identify {unknown}
Potions
 a - a potion of magic {unknown}
 b - a potion of curing
Comestibles
 e - 6 rations


   Skills:
 + Level 2.9(2.6) Fighting
 - Level 2.0(1.7) Dodging
 - Level 2.6(2.3) Stealth
 * Level 4.4(4.1) Spellcasting
 * Level 4.5(4.2) Conjurations
 * Level 5.3(5.0) Air Magic


You had 4 spell levels left.
You knew the following spells:

 Your Spells              Type           Power        Failure   Level  Hunger
a - Shock                 Conj/Air       ###.         1%          1    None
b - Lightning Bolt        Conj/Air       ###.......   47%         5    ######.
c - Airstrike             Air            ###.......   16%         4    ####...

Your spell library contained the following spells:

 Spells                   Type           Power        Failure   Level  Hunger
 Static Discharge         Conj/Air       ###.....     6%          3    ###....
 Swiftness                Chrm/Air       ##......     7%          2    #......


Dungeon Overview and Level Annotations

Branches:
Dungeon (4/15)             Temple (0/1) D:4

Altars:
Ashenzari
Hepliaklqana
Nemelex Xobeh
Okawaru
Trog

Shops:
D:4 [

Annotations:
D:4 Crazy Yiuf


Innate Abilities, Weirdness & Mutations

You cannot wear most types of armour.
You are very stealthy in the water. (Stealth+)
You are amphibious.
You can wear up to eight rings at the same time.
You can use your tentacles to constrict eight enemies at once.
Your skin changes colour to match your surroundings (Stealth+).
Your rubbery body absorbs attacks. (AC +1, EV +1)


Message History

You can't see any susceptible monsters within range! (Use Z to cast anyway.)
You see here a +0 flail.
Found a staircase to the Ecumenical Temple.
Found a potion of curing.
b - a potion of curing
Found a stone staircase leading up.
e - 6 rations (gained 1)
There is a stone staircase leading up here.
There is a stone staircase leading up here.
Found a scroll labeled RACIAN REIDD.
f - 3 scrolls labeled RACIAN REIDD (gained 1)
You are feeling very hungry.
Things that are here:
a +0 whip; a +0 halberd You see here a +0 club.
You see here a +0 halberd.
Things that are here:
a cursed -1 dagger; a +0 robe You see here a +0 flail.
Things that are here:
a +0 scale mail; a +0 dagger; a +0 robe You see here a hunting sling.
There is a stone staircase leading down here.
You see here a hunting sling.
Things that are here:
a +0 scale mail; a +0 dagger; a +0 robe The floor.
You open the door.
Aim: Crazy Yiuf, wielding a +2 quarterstaff of chaos and wearing a +1 cloak (hasn't noticed you)
You miscast Airstrike.
You are very lightly contaminated with residual magic.
Nothing appears to happen.
You are near starving!
Crazy Yiuf shouts!
Crazy Yiuf screams, "Gum testudinal arm!"
The zap hits Crazy Yiuf. x2
Crazy Yiuf hits you with a +2 quarterstaff of chaos!
The zap hits Crazy Yiuf. x2
Crazy Yiuf hits you with a +2 quarterstaff of chaos!
You suddenly lose the ability to move!
Crazy Yiuf hits you with a +2 quarterstaff of chaos.
* * * LOW HITPOINT WARNING * * *
Crazy Yiuf barely misses you. Crazy Yiuf hits you but does no damage.
Crazy Yiuf hits you with a +2 quarterstaff of chaos!
* * * LOW HITPOINT WARNING * * *
You feel drained.
* * * LOW HITPOINT WARNING * * *
Crazy Yiuf hits you with a +2 quarterstaff of chaos!
You die...

# #.# ... #####⌠... #
#.# #'# ##### # #.# ##.#
### # # #.# #.## #.#
####### # #.# ##.# #.#
#...... # #.# #.##
#.#####.##### #######.#
##.## #.......#
##......# #..g##
######### .#.######
#...@# .#.# ##..## .#.#
####....################
.#.#
#................).).)..
.#.#
#.####......############
.#.# #.# #####.## .#)#
#.# #.# ######## .#.#
#.# #.# #..<.... .#.#
#.# #.# #.######


You could see Crazy Yiuf.

Vanquished Creatures
  Duvessa (D:4)
  Dowan (D:4)
  2 howler monkeys
  2 hounds
  An orc priest (D:4)
  5 orc wizards
  4 worker ants (D:4)
  4 gnolls (D:4)
  6 adders
  3 oozes
  6 worms
  2 dart slugs (D:1)
  2 leopard geckos
  17 orcs
  2 giant cockroaches (D:3)
  7 goblins
  A hobgoblin (D:3)
  5 jackals
  2 quokkas
  3 ball pythons
  10 bats
  7 frilled lizards
  11 kobolds
  9 rats
113 creatures vanquished.

Notes
Turn   | Place    | Note
-------+----------+-------------------------------------------
     0 | D:1      | vurker the Octopode Air Elementalist began the quest for
                  | the Orb.
     0 | D:1      | Reached XP level 1. HP: 11/11 MP: 3/3
   186 | D:1      | Reached XP level 2. HP: 17/18 MP: 0/5
   543 | D:1      | Reached XP level 3. HP: 22/22 MP: 3/6
  1362 | D:2      | Reached skill level 1 in Fighting
  1431 | D:2      | Reached XP level 4. HP: 27/28 MP: 2/7
  1823 | D:3      | Reached XP level 5. HP: 10/33 MP: 1/9
  2072 | D:3      | Reached skill level 4 in Air Magic
  2082 | D:3      | Found an iron altar of Okawaru.
  2122 | D:3      | Found a shattered altar of Ashenzari.
  2513 | D:3      | Reached XP level 6. HP: 39/39 MP: 2/11
  2712 | D:3      | Found a bloodstained altar of Trog.
  2716 | D:3      | Found a sparkling altar of Nemelex Xobeh.
  2953 | D:3      | Found a hazy altar of Hepliaklqana.
  3138 | D:4      | HP: 1/39 [poisoned by a worker ant]
  3626 | D:4      | Reached XP level 7. HP: 45/45 MP: 6/12
  3654 | D:4      | Found a runed translucent door.
  3663 | D:4      | Noticed Crazy Yiuf
  3943 | D:4      | Reached skill level 5 in Air Magic
  4115 | D:4      | Noticed Duvessa
  4115 | D:4      | Noticed Dowan
  4124 | D:4      | Learned a level 5 spell: Lightning Bolt
  4129 | D:4      | Learned a level 4 spell: Airstrike
  4147 | D:4      | Killed Duvessa
  4153 | D:4      | Killed Dowan
  4391 | D:4      | Found Xoim Pudghech's Antique Armour Boutique.
  4672 | D:4      | Found a staircase to the Ecumenical Temple.
  4901 | D:4      | Paralysed by Crazy Yiuf for 7 turns
  4907 | D:4      | Slain by Crazy Yiuf

Levels and vault maps discovered:
D:1:      dpeg_arrival_oval, layout_basic
D:2:      layout_basic, minmay_tetromino_t4
D:3:      layout_loops_ring, marbit_many_paths,
          chequers_temple_overflow_statue_of_worship,
          gammafunk_temple_overflow_statue
D:4:      layout_loops_ring, minmay_temple_entry_antechambers,
          cheibrodos_sewer_entry_bend, serial_shops,
          nicolae_shop_overgrown_old_shop, first_ration, kennysheep_crisscross,
          minmay_misc_feat_doors, uniq_duvessa, uniq_crazy_yiuf_cottage

Skill      XL: |  1  2  3  4  5  6  7 |
---------------+----------------------+-----
Conjurations   | 2 3 4 |  4.5
Fighting       | 1 2 |  2.9
Spellcasting   | 3 4 |  4.4
Air Magic      | 4 5 |  5.3
Dodging        | |  2.0
Stealth        | |  2.6

Action                   |  1- 3 |  4- 6 |  7- 9 || total
-------------------------+-------+-------+-------++-------
Melee: Unarmed           |    10 |       |       ||    10
       Constrict         |     9 |     8 |     3 ||    20
       Tentacles         |     5 |     7 |     1 ||    13
       Dagger            |    23 |    45 |    29 ||    97
 Cast: Shock             |    58 |   122 |    66 ||   246
  Use: Potion            |       |     3 |     4 ||     7
  Eat: Chunk             |     2 |     6 |     3 ||    11
Armor: Skin              |     5 |     6 |     7 ||    18
Dodge: Dodged            |    24 |    32 |    28 ||    84
